[Event "*** MasterClass Titled Tuesday Blitz"]
[Site "Chess.com"]
[Date "2017.12.12"]
[Round "7"]
[White "platy3"]
[Black "tigra"]
[Result "1/2-1/2"]
[WhiteElo "2599"]
[BlackElo "2655"]
[TimeControl "180+2"]
[EndTime "14:40:15 PST"]
[Termination "Game drawn by repetition"]

1. e4 e6 2. d4 d5 3. Bd3 dxe4 4. Bxe4 Nf6 5. Bf3 Nbd7 6. Bf4 Bd6 7. Bxd6 cxd6 8. Ne2 Qb6 9. b3 e5 10. Nbc3 O-O 11.
O-O Re8 12. dxe5 dxe5 13. Ng3 Nc5 14. Qe2 e4 15. Rfe1 Qb4 16. Qe3 Bd7 17. a3 Qb6 18.
Ngxe4 Nfxe4 19. Nxe4 Rac8 20. Qd4 Nxe4 21. Qxb6 axb6 22.
Bxe4 g6 23. c4 Rc7 24. Bd5 Ra8 25. Re7 Rac8 26. Rxf7 Kh8 27. Re1 Bc6 28. Rxc7 Rxc7 29. Bxc6 bxc6 30. Kf1 Kg7 31. Re8 b5 32. cxb5 cxb5 33.
Rb8 Rc5 34. Rb7+ Kh6 35. g3 g5 36. Rb6+ Kh5 37. h3 g4 38. Kg2 gxh3+ 39. Kxh3 Kg5 40. Rb7 h5 41. Rb6 Kf5 42. Kh4 Ke4 43. Re6+ Kf3 44. Rf6+ Ke2 45. a4 bxa4 46. bxa4 Ra5 47. Rf4 Kd3 48. f3 Ke3 49. Kh3 Rc5 50. Rf8 Ra5 51. Rf4 Rc5 52. Kg2 Rc2+ 53. Kh3 Rc5 1/2-1/2

[Event "*** MasterClass Titled Tuesday Blitz"]
[Site "Chess.com"]
[Date "2017.12.12"]
[Round "7"]
[White "jefferyx"]
[Black "Kaphrep"]
[Result "0-1"]
[WhiteElo "2759"]
[BlackElo "2639"]
[TimeControl "180+2"]
[EndTime "14:40:17 PST"]
[Termination "Kaphrep won by resignation"]

1. d4 Nf6 2. c4 e6 3. Nf3 d5 4. g3 Bb4+ 5. Bd2 Be7 6. Bg2 O-O 7.
O-O Nbd7 8. Qc2 c6 9. Rd1 b6 10. b3 a5 11. Bc3 Ne4 12. Ne5 Nxe5 13. Bxe4 f5 14. Bg2 Ng4 15. e3 h5 16. Nd2 h4 17.
Nf3 hxg3 18. hxg3 Ba6 19. Ne5 Nxe5 20. dxe5 b5 21. cxd5 cxd5 22. Bb2 Qd7 23. e4 Rac8 24. Qe2 fxe4 25. Bxe4 Qe8 26. Bg2 Qg6 27. Bd4 Rc2 28. Rd2 b4 29. Qe1 Rfc8 30. Bh3 R2c6 31. Qd1 Bc5 32.
Bxc5 Rxc5 33. Kh2 R8c6 34. a3 bxa3 35. Rxa3 Qh6 36. Ra1 Bf1 37. Qxf1 Qxd2 38. Ra4 d4 39. b4 Rc2 40. Kg2 d3 41. b5 Rc1 42. bxc6 Rxf1 43. Bxe6+ Kf8 44. Rf4+ Ke7 45. Bd5 Rc1 46. Rf7+ Kd8 47.
Rf8+ Kc7 48. Rf7+ Kb6 49. Rb7+ Kc5 50. Bf3 Rc2 51. c7 Qxf2+ 52. Kh3 Kd4 53. Kg4 d2 54.
Bd1 Rc4 55. e6 Ke5+ 0-1

[Event "*** MasterClass Titled Tuesday Blitz"]
[Site "Chess.com"]
[Date "2017.12.12"]
[Round "7"]
[White "dawtonlms"]
[Black "RobertoJBM"]
[Result "0-1"]
[WhiteElo "2271"]
[BlackElo "2637"]
[TimeControl "180+2"]
[EndTime "14:40:22 PST"]
[Termination "RobertoJBM won by resignation"]

1. e4 c6 2. d4 d5 3. exd5 cxd5 4. c4 Nf6 5. Nc3 e6 6. Nf3 Be7 7. cxd5 Nxd5 8. Bd3 O-O 9. O-O Nc6 10. a3 Bf6 11.
Bc2 Nce7 12. Qd3 g6 13. Bh6 Bg7 14. Bxg7 Kxg7 15. Ne5 Nf5 16. Rad1 b6 17. Nxd5 Qxd5 18. Bb3 Qd6 19. Nc4 Ba6 20. Nxd6 Bxd3 21. Rxd3 Nxd6 22. d5 e5 23. Rc1 Rac8 24. Rdc3 Rxc3 25. Rxc3 Rc8 26.
Rc6 Rxc6 27. dxc6 Nb5 28. Bc4 Nc7 29. b4 b5 30. Bb3 Kf8 31. a4 a6 32. axb5 axb5 33. f4 exf4 34. Kf2 g5 35. Kf3 Ke7 36. Kg4 f6 37. Kf5 Na6 38. Be6 g4 39. Bc8 Nxb4 40.
c7 Nd5 41. Bb7 Nxc7 42. Kxg4 Ne6 43. Be4 h6 44. Bd5 b4 45. h4 Kd6 46. Bc4 Ng7 47. Kxf4 Kc5 48. Bb3 Kd4 49. g4 Kc3 50. Bf7 b3 51. g5 fxg5+ 52. hxg5 hxg5+ 53. Kxg5 b2 54. Bg6 Ne6+ 55. Kg4 Nc5 56. Bb1 Kd2 57. Kf3 Kc1 58. Bh7 Kd2 59. Kf2 Nd3+ 0-1

[Event "*** MasterClass Titled Tuesday Blitz"]
[Site "Chess.com"]
[Date "2017.12.12"]
[Round "7"]
[White "tteshan"]
[Black "Enzy63"]
[Result "0-1"]
[WhiteElo "2021"]
[BlackElo "2090"]
[TimeControl "180+2"]
[EndTime "14:40:25 PST"]
[Termination "Enzy63 won by resignation"]

1. e4 e5 2. Nf3 Nc6 3. Bb5 a6 4. Ba4 Nf6 5. O-O Be7 6. Re1 b5 7. Bb3 d6 8. c3 O-O 9. d4 Bg4 10. Be3 exd4 11. cxd4 Na5 12. Bc2 c5 13. d5 Nc4 14.
Bc1 Nd7 15. Nbd2 Bf6 16. Nxc4 bxc4 17. h3 Bxf3 18. Qxf3 Rb8 19. Qa3 Qb6 20. Rb1 Qb4 21.
Qxb4 cxb4 22. Be3 Rfc8 23. Ba4 Ne5 24. f4 Nd3 25. Re2 c3 26. bxc3 bxc3 27. Bc2 Nb4 28.
Rd1 Nxa2 29. g4 Nb4 30. g5 Be7 31. e5 Nxc2 32. Rxc2 Rb2 33. Rdc1 Rxc2 34. Rxc2 dxe5 35. fxe5 Bb4 36. d6 Kf8 37. Bb6 Ke8 38. Kf1 Kd7 39. Ke2 Re8 40. Bd4 f6 41. gxf6 gxf6 42. Kd3 fxe5 43. Bxc3 Bxc3 44. Rxc3 Kxd6 45. Ra3 Ra8 46. Ke4 a5 47. Ra4 Ke6 48. Ra1 a4 49. Ra3 Ra7 50. h4 h5 51. Rg3 a3 52. Rg6+ Kf7 53. Rg1 a2 54. Ra1 Ke6 55. Ke3 Ra4 56. Kf3 Kf5 57. Ke3 Ra3+ 58. Ke2 e4 59. Rf1+ Ke5 60.
Ra1 Kd4 61. Kd2 e3+ 62. Ke2 Kc3 63. Rc1+ Kb2 64. Rc3 Kxc3 65. Kxe3 a1=Q 0-1

[Event "*** MasterClass Titled Tuesday Blitz"]
[Site "Chess.com"]
[Date "2017.12.12"]
[Round "7"]
[White "amaidel"]
[Black "djano"]
[Result "1-0"]
[WhiteElo "2485"]
[BlackElo "2354"]
[TimeControl "180+2"]
[EndTime "14:40:45 PST"]
[Termination "amaidel won by resignation"]

1. e4 c5 2. Nf3 d6 3. d4 cxd4 4. Nxd4 Nf6 5. Nc3 a6 6. f4 e5 7. Nf3 exf4 8. Bxf4 Nc6 9. a4 Be7 10. Bc4 Qb6 11. Qd2 O-O 12. Be3 Qc7 13. O-O Na5 14.
Ba2 Nc4 15. Qe2 Be6 16. Bd4 Rac8 17. Kh1 Nxb2 18. Bxe6 fxe6 19. e5 dxe5 20. Nxe5 Nc4 21. Nf3 Qc6 22. Rfe1 Bb4 23. Rab1 a5 24. Qxe6+ Qxe6 25. Rxe6 Rfe8 26. Rxe8+ Rxe8 27. Bxf6 gxf6 28. Nd5 Rd8 29.
Nxb4 axb4 30. h3 Ne3 31. Rxb4 Rd1+ 32. Kh2 Nf1+ 33. Kg1 Ne3+ 34. Kf2 Nxc2 35. Rxb7 Ra1 36. Ra7 f5 37. Nh4 f4 38. Nf5 Ra3 39. a5 Nb4 40. Nh6+ Kh8 41. Nf7+ Kg8 42. Ne5 h5 43. Ng6 Nd3+ 44.
Ke2 Nc1+ 45. Kd2 Nb3+ 46. Kc3 Rxa5 47. Rxa5 Nxa5 48. Nxf4 h4 49. Ng6 Kg7 50. Nxh4 Kf6 51. Nf3 Nc6 52. Kd3 Kg6 53. Ke4 Ne7 54. g4 Ng8 55. h4 Nf6+ 56. Kf4 Nd5+ 57. Ke5 Ne3 58. Kf4 Ng2+ 59. Kg3 Ne3 60. Nd4 Nf1+ 61. Kf2 Nh2 62. Kg3 Nf1+ 63. Kf4 Nd2 64. Nf3 Nc4 65. Ne5+ 1-0

[Event "*** MasterClass Titled Tuesday Blitz"]
[Site "Chess.com"]
[Date "2017.12.12"]
[Round "7"]
[White "matiss90"]
[Black "chidori_boruto"]
[Result "1-0"]
[WhiteElo "2343"]
[BlackElo "2510"]
[TimeControl "180+2"]
[EndTime "14:40:49 PST"]
[Termination "matiss90 won on time"]

1. e4 c6 2. d4 d5 3. Nc3 dxe4 4. Nxe4 Bf5 5. Ng3 Bg6 6. Bc4 e6 7. N1e2 Bd6 8. O-O Qc7 9. f4 Ne7 10. Bd3 Nd7 11. c4 c5 12. Bxg6 hxg6 13. Ne4 Nf5 14. d5 exd5 15. Qxd5 Nb6 16. Nxd6+ Qxd6 17. Qxd6 Nxd6 18.
b3 Nf5 19. Ba3 Nd7 20. Nc3 O-O 21. Nd5 b6 22. g4 Nd4 23. Rad1 Nf6 24. Nxf6+ gxf6 25. Rxd4 cxd4 26. Bxf8 Kxf8 27. Rd1 Rd8 28. Kf2 Ke7 29. h4 Ke6 30. Ke2 Rh8 31. Rh1 f5 32. g5 Kd6 33. b4 a5 34. a3 axb4 35.
axb4 Re8+ 36. Kd3 Re4 37. h5 gxh5 38. Rxh5 Rxf4 39. Rh6+ Ke5 40. Rxb6 Rf3+ 41. Ke2 Rc3 42. c5 Ke4 43. Rb8 Rc2+ 44. Kd1 Kd3 45. Rf8 Rb2 46.
Ke1 Kc2 47. Rxf7 d3 48. Rd7 Rxb4 49. c6 Re4+ 50. Kf2 Re8 51. c7 d2 52. Rd8 d1=Q 53.
c8=Q+ Kb2 54. Qb7+ Kc2 55. Rxd1 Kxd1 56. Qd7+ Kc2 57. Qxe8 1-0

[Event "*** MasterClass Titled Tuesday Blitz"]
[Site "Chess.com"]
[Date "2017.12.12"]
[Round "7"]
[White "Schemato"]
[Black "visa"]
[Result "1-0"]
[WhiteElo "2312"]
[BlackElo "2089"]
[TimeControl "180+2"]
[EndTime "14:40:55 PST"]
[Termination "Schemato won by resignation"]

1. c4 b6 2. Nc3 Bb7 3. e4 e6 4.
Nge2 f5 5. d3 Bb4 6. g3 fxe4 7.
Bg2 Nf6 8. O-O O-O 9. dxe4 e5 10. h3 d6 11. Be3 Bxc3 12. Nxc3 Bc8 13. Nd5 Be6 14. a4 Nc6 15. Qd2 Qd7 16. Kh2 Ne7 17. b3 c6 18. Nxf6+ Rxf6 19. Rad1 Bf7 20. Bg5 Rg6 21.
h4 h6 22. Bh3 Be6 23. Bxe6+ Rxe6 24. Bxe7 Qxe7 25. Kg2 Rd8 26. Rfe1 d5 27. exd5 cxd5 28. cxd5 Red6 29. Qc3 Rxd5 30. Qc4 Qf7 31. Rxd5 Qxd5+ 32.
Qxd5+ Rxd5 33. Kf3 Kf7 34. Ke4 Ke6 35. Rc1 Rd4+ 36.
Ke3 Rb4 37. Rc3 Kd6 38. h5 b5 39. a5 Rg4 40. Rc8 Rg5 41. Ra8 Rxh5 42. Rxa7 Rg5 43. a6 Rg6 44. Rb7 Kc5 45. a7 Ra6 46. Rxg7 Ra3 47. Ke4 Kb4 48. Rb7 Ra5 49. Kxe5 Kxb3 50. f4 b4+ 51. Ke6 Kc4 52. f5 Ra6+ 53. Ke7 Kc5 54. f6 Kc6 55. Rxb4 Rxa7+ 56. Ke6 Kc5 57. Rh4 Ra6+ 58. Ke7 Ra7+ 59. Kf8 Kd6 60. Rxh6 Ra8+ 61.
Kg7 Ke6 62. f7+ Ke7 63. Rh4 Ke6 64. Re4+ Kf5 65. Re8 Kg4 66. Rxa8 1-0

[Event "*** MasterClass Titled Tuesday Blitz"]
[Site "Chess.com"]
[Date "2017.12.12"]
[Round "7"]
[White "ChristopherYoo"]
[Black "Hanging_pointer"]
[Result "1-0"]
[WhiteElo "2260"]
[BlackElo "2256"]
[TimeControl "180+2"]
[EndTime "14:41:11 PST"]
[Termination "ChristopherYoo won by resignation"]

1. e4 c5 2. Nf3 e6 3. d4 cxd4 4. Nxd4 Nc6 5. Nc3 Qc7 6. Be3 a6 7. Qd2 Nf6 8. f3 Be7 9. O-O-O b5 10. g4 Nxd4 11. Bxd4 Bb7 12. g5 Nh5 13. Qe3 O-O 14. Bd3 Rac8 15. Kb1 b4 16. Ne2 a5 17. f4 a4 18. Be5 d6 19. Bd4 e5 20. fxe5 dxe5 21.
Bb6 Qc6 22. Ng3 Nxg3 23. hxg3 a3 24. Rh2 Qg6 25. Rdh1 Bxg5 26. Qf2 h6 27. Be3 Bxe3 28. Qxe3 axb2 29. g4 b3 30. cxb3 Rfd8 31. Kxb2 Rxd3 32. Qxd3 Bxe4 33. Qd7 Ra8 34. Rf1 Bc6 35. Qf5 Re8 36.
Qxg6 fxg6 37. a4 e4 38. Re1 Kf7 39. Ka3 Ra8 40. Rf2+ Ke6 41. Kb4 Rb8+ 42. Kc5 Bd5 43. Re3 Rc8+ 44. Kd4 Rb8 45. a5 Rb4+ 46. Kc5 Rb8 47.
a6 Rc8+ 48. Kb6 Rb8+ 49. Ka5 Bc6 50. Rc2 Kd6 51. Rxc6+ Kxc6 52. Rxe4 Rxb3 53. Re6+ Kc7 54. Rxg6 Ra3+ 55. Kb5 Rb3+ 56. Kc4 Rb1 57. Rxg7+ Kb6 58.
Rg6+ Ka7 59. Rxh6 Rg1 60. Rg6 Rc1+ 61. Kd5 Rd1+ 62. Ke6 Kxa6 63. g5 Kb7 64. Kf7 Kc7 65.
Re6 Rf1+ 66. Rf6 1-0

[Event "*** MasterClass Titled Tuesday Blitz"]
[Site "Chess.com"]
[Date "2017.12.12"]
[Round "7"]
[White "Arm-Akiba"]
[Black "KhalilMousavi77"]
[Result "1-0"]
[WhiteElo "2692"]
[BlackElo "2455"]
[TimeControl "180+2"]
[EndTime "14:41:13 PST"]
[Termination "Arm-Akiba won by resignation"]

1. d4 Nf6 2. c4 g6 3. Nf3 Bg7 4. g3 O-O 5. Bg2 d5 6. O-O dxc4 7. Na3 c3 8. bxc3 c5 9. e3 Nc6 10. Bb2 Bg4 11. h3 Bf5 12. Nd2 e5 13. d5 Ne7 14. c4 Ne8 15. e4 Bd7 16. Nc2 Nd6 17. Ne3 f5 18. exf5 gxf5 19. Rb1 Ng6 20. Qh5 f4 21. Nd1 Rf5 22. Qe2 b6 23. Nc3 Rf8 24. Nce4 Nf5 25. Nf3 Nd4 26. Bxd4 exd4 27. g4 Nh4 28.
Qd3 Nxf3+ 29. Bxf3 Qh4 30. Kg2 Rae8 31. Rbe1 h5 32.
Rh1 Re5 33. Qa3 Rf7 34. Qxa7 Bxg4 35. Qb8+ Rf8 36. hxg4 Qxh1+ 37. Rxh1 Rxb8 38. gxh5 Bh6 39. Rb1 Kh8 40. Kh3 Ree8 41. a4 Bg7 42. Ng5 Bf6 43.
Ne6 Be5 44. Kg4 Ra8 45. Rxb6 Rxa4 46. Kf5 Bb8 47. h6 d3 48. Rb3 Rxc4 49. Rxd3 Bd6 50.
Ra3 Rc2 51. Ra6 Rxf2 52. Bh5 Rc8 53. Rxd6 c4 54. Rc6 Rxc6 55. dxc6 Ra2 56. c7 Ra8 57. Bf3 Rg8 58. Kxf4 Kh7 59. Nd8 Rf8+ 60. Ke3 1-0

[Event "*** MasterClass Titled Tuesday Blitz"]
[Site "Chess.com"]
[Date "2017.12.12"]
[Round "7"]
[White "kleinebeer98"]
[Black "Msb2"]
[Result "1/2-1/2"]
[WhiteElo "2521"]
[BlackElo "2660"]
[TimeControl "180+2"]
[EndTime "14:41:21 PST"]
[Termination "Game drawn by stalemate"]

1. e4 e6 2. d4 d5 3. Nd2 Ne7 4.
Ngf3 g6 5. c3 Bg7 6. Bd3 Nd7 7.
h4 h6 8. Qe2 c5 9. h5 g5 10. b3 g4 11. Nh2 cxd4 12. cxd4 Bxd4 13. Rb1 Ne5 14. Nxg4 Nxd3+ 15. Qxd3 dxe4 16. Nxe4 f5 17. Nef6+ Kf7 18. Nxh6+ Rxh6 19. Bxh6 Bxf2+ 20. Ke2 Qxd3+ 21. Kxd3 Kxf6 22. Rbf1 Bg3 23. Rf3 Bc7 24. g4 b6 25. g5+ Kf7 26. g6+ Kf6 27. Rg1 Ba6+ 28. Kc2 Nc6 29. Bg5+ Kg7 30. h6+ Kxg6 31. Rc3 Bh2 32.
Rg2 Nb4+ 33. Kb2 Bb7 34. Rxh2 Kxg5 35. h7 f4 36. h8=Q Rxh8 37. Rxh8 Be4 38. Rc4 Nd3+ 39.
Kc3 Bf5 40. Rg8+ Kh4 41. a4 e5 42. Rf8 Bg6 43. Rc6 Be4 44. Re6 Kg3 45. Re7 f3 46. Rxa7 Nf4 47. Rg7+ Kf2 48. Kd2 Bd5 49. Re7 Ng6 50.
Ree8 Nxf8 51. Rxf8 Bxb3 52. Rf5 e4 53. Re5 Bd5 54. Re7 Kg2 55. Ke3 Bc4 56. Rxe4 f2 57.
Rg4+ Kh3 58. Rf4 f1=Q 59. Rxf1 Bxf1 60. Kd4 Bg2 61. a5 bxa5 62. Kc3 Bc6 63. Kb2 Kg4 64.
Ka1 Kf4 65. Kb1 Ke5 66. Ka1 Kd4 67. Kb1 Kc3 68. Ka1 Kb3 69. Kb1 a4 70. Ka1 a3 71.
Kb1 Bd5 72. Ka1 Kb4 73. Kb1 Bb3 74. Ka1 Bc2 75. Ka2 Bd3 76. Ka1 Bc4 77. Kb1 Bb5 78.
Ka1 Ba4 79. Kb1 Bb3 80. Ka1 a2 81. Kb2 Bc4 82. Ka1 Bd5 83. Kb2 Be6 84. Ka1 Bf7 85. Kb2 Bg8 86. Ka1 Ka3 1/2-1/2

[Event "*** MasterClass Titled Tuesday Blitz"]
[Site "Chess.com"]
[Date "2017.12.12"]
[Round "7"]
[White "saraswathii"]
[Black "AndreyOstrovskiy"]
[Result "0-1"]
[WhiteElo "2264"]
[BlackElo "2478"]
[TimeControl "180+2"]
[EndTime "14:41:28 PST"]
[Termination "AndreyOstrovskiy won by resignation"]

1. e4 e5 2. d3 Nc6 3. Nf3 g6 4. g3 Bg7 5. Bg2 Nge7 6. O-O O-O 7. c3 d6 8. Nh4 f5 9. f4 fxe4 10.
Bxe4 Bh3 11. Re1 Qd7 12. Na3 Rae8 13. Nc2 d5 14. Bg2 Bxg2 15. Nxg2 Qh3 16. fxe5 Nxe5 17. Nf4 Qd7 18. d4 Nc4 19. Ne6 Rf7 20. Nxg7 Kxg7 21.
b3 Nd6 22. Nb4 Ne4 23. Nd3 Nc6 24. Qc2 g5 25. Be3 h6 26. Ne5 Nxe5 27. dxe5 Ref8 28.
c4 c6 29. Rad1 Qe6 30. cxd5 cxd5 31. Re2 Qh3 32. Ree1 Rf2 33. Bxf2 Rxf2 34. Qxf2 Nxf2 35. Kxf2 Qxh2+ 36. Kf3 Kg6 37. e6 Qh5+ 38. Kg2 g4 39.
Rh1 Qf5 40. Rde1 Qf3+ 41. Kg1 Qxg3+ 42. Kf1 Qf3+ 43. Kg1 g3 44. Rf1 Qe3+ 45. Kg2 Qxe6 46. Kxg3 Qe5+ 47. Kg2 d4 48. Rf2 Qe4+ 49. Kh2 Qh4+ 50.
Kg2 Qg4+ 51. Kh2 Qh4+ 52. Kg2 Qe4+ 53. Kh2 Qe5+ 54. Kh3 Qe6+ 55. Kh2 Qe5+ 56. Kh3 Qe6+ 57. Kh2 Qe5+ 58. Kh3 Qe3+ 59. Kg2 d3 60. Rg1 d2 61. Kh2+ Kh5 62. Rfg2 Qf4+ 63. Kh1 Qf3 64. Kh2 d1=Q 65. Rxd1 Qxd1 66. Rf2 Qd6+ 67. Kg2 Qd5+ 68. Kh2 Kg4 0-1

[Event "*** MasterClass Titled Tuesday Blitz"]
[Site "Chess.com"]
[Date "2017.12.12"]
[Round "7"]
[White "BartoszSocko"]
[Black "JSPrepz"]
[Result "0-1"]
[WhiteElo "2537"]
[BlackElo "2718"]
[TimeControl "180+2"]
[EndTime "14:41:34 PST"]
[Termination "JSPrepz won by resignation"]

1. e4 e6 2. d4 d5 3. Nd2 Be7 4. Bd3 c5 5. dxc5 Nf6 6. exd5 Qxd5 7. Ngf3 Qxc5 8. O-O O-O 9. a3 Nc6 10. b4 Qh5 11. Bb2 b6 12. Re1 Bb7 13. h3 Rad8 14.
Qe2 Nd5 15. Qe4 Nf6 16. Qf4 Nd5 17. Qg3 Bf6 18. Bxf6 Nxf6 19. Nc4 Nd4 20. Nxd4 Rxd4 21. Nd6 Ba8 22. c3 Rd5 23. Ne4 Nxe4 24. Bxe4 Rg5 25.
Qf4 Bxe4 26. Rxe4 Rd5 27. Rae1 Rfd8 28. R4e3 Rd1 29. c4 R1d4 30. Re4 Rd3 31. R4e3 Rd2 32. Rc3 R2d4 33. Qg3 h6 34. Kh2 Qf5 35. c5 bxc5 36.
bxc5 Rc8 37. c6 Qd5 38. c7 Rc4 39. Rec1 R8xc7 40. Qxc7 Rxc7 41. Rxc7 Qa5 42. R1c3 h5 43. Kg1 h4 44. R7c5 Qa4 45. Rd3 g6 46. Rc1 Kg7 47.
Re3 Qd4 48. Rce1 g5 49. Re5 Kg6 50. R5e3 Qb2 51. Rd1 Qc2 52. Rde1 Qa4 53. Rc1 Qa6 54. Rcc3 Qa5 55. Red3 e5 56. Re3 f6 57. Rc1 Qd2 58. Rc6 Qd5 59. Ra6 Qc5 60. Rf3 Qe7 61. Kf1 e4 62.
Rc3 Qd7 63. Kg1 Qd1+ 64. Kh2 Qd4 65. Rc2 Qe5+ 66. Kg1 Qd4 67. Re6 Qd1+ 68. Kh2 Qxc2 69. Ra6 Qxf2 70. a4 e3 71. Rxa7 e2 72. Rf7 0-1

[Event "*** MasterClass Titled Tuesday Blitz"]
[Site "Chess.com"]
[Date "2017.12.12"]
[Round "7"]
[White "AndrewDGreen"]
[Black "twitchTriniCupid"]
[Result "1/2-1/2"]
[WhiteElo "2069"]
[BlackElo "2210"]
[TimeControl "180+2"]
[EndTime "14:41:36 PST"]
[Termination "Game drawn by repetition"]

1. d4 Nf6 2. Nf3 e6 3. Bf4 d5 4. e3 c5 5. c3 Nc6 6. Nbd2 Bd6 7. Bg3 O-O 8. Bd3 Re8 9. Ne5 Ne7 10. Qb1 Nf5 11. O-O Qc7 12. Ndf3 g6 13. Ng5 h6 14. Ngxf7 Bxe5 15. Nxe5 Qg7 16. Qd1 c4 17. Bc2 Bd7 18. Qe2 Bc6 19. f3 Nxg3 20. hxg3 g5 21. Kf2 Rf8 22.
Ke1 Be8 23. Kd2 b5 24. Rh1 a5 25. a3 Rb8 26. g4 Nd7 27. Nxd7 Bxd7 28. Rh2 b4 29.
axb4 axb4 30. Rah1 Rf6 31. Qd1 bxc3+ 32. bxc3 Qf8 33.
Qa1 Kg7 34. Rb1 Qd6 35. Rhh1 Rff8 36. Rxb8 Rxb8 37. Rb1 Rxb1 38. Qxb1 Be8 39. Qb7+ Bf7 40. Ke2 Qg3 41. Kf1 Qh2 42. Qb1 Qh1+ 43. Kf2 Qh4+ 44. Ke2 h5 45. gxh5 Qxh5 46. Qf1 g4 47. Bb1 g3 48.
Kd2 Qh2 49. Qe2 Bh5 50. Kc2 Qg1 51. Kd2 Bf7 52. e4 Bg6 53. Bc2 dxe4 54. Bxe4 Bf7 55. f4 Kf8 56. f5 exf5 57. Bxf5 Qa1 58. Bc2 Qg1 59. Be4 Qa1 60. Qe3 Qb2+ 61. Bc2 Bg6 62. Qh6+ Kf7 63. Qf4+ Kg7 64. Qe5+ Kh6 65. Qf4+ Kg7 66.
Qc7+ Kh6 67. Qf4+ Kg7 68. Qe5+ Kh6 69. Qf4+ Kg7 1/2-1/2

[Event "*** MasterClass Titled Tuesday Blitz"]
[Site "Chess.com"]
[Date "2017.12.12"]
[Round "7"]
[White "SenseiJulio"]
[Black "daro94"]
[Result "0-1"]
[WhiteElo "2536"]
[BlackElo "2664"]
[TimeControl "180+2"]
[EndTime "14:41:51 PST"]
[Termination "daro94 won by resignation"]

1. Nf3 Nf6 2. e3 g6 3. d4 Bg7 4.
c4 O-O 5. Be2 c5 6. O-O cxd4 7.
exd4 d5 8. Nc3 Nc6 9. h3 b6 10. Re1 Bb7 11. Bg5 dxc4 12. Bxc4 Rc8 13. Bf1 Nb4 14.
Rc1 Nbd5 15. Nxd5 Nxd5 16. Rxc8 Bxc8 17. Qd2 Bb7 18. Bh6 Qd6 19. Ne5 Qb4 20. Qxb4 Nxb4 21.
Bxg7 Kxg7 22. a3 Nd5 23. Rc1 f6 24. Ng4 Rc8 25. Rxc8 Bxc8 26. Ne3 Nf4 27. d5 Kf8 28. Kh2 f5 29. Bb5 Bb7 30. Bc6 Ba6 31. b4 Nd3 32. f3 Ne5 33. b5 Bc8 34. Nc2 Nc4 35. Kg3 Kg7 36. Kf2 Kf6 37. f4 g5 38. g3 h6 39. Ke2 Nd6 40. Nd4 Ne4 41. Kf3 Nd2+ 42. Ke2 Nc4 43. Nc2 e5 44. Kd3 Nd6 45. fxe5+ Kxe5 46.
Ne3 f4 47. gxf4+ gxf4 48. Ng4+ Bxg4 49. hxg4 Ne4 50. Bd7 Nf6 51. Bf5 Nxd5 52. Bc8 Ne3 53. Bd7 Nd5 54. Bc8 Nf6 55. a4 Ne4 56. Ke2 Nc3+ 57.
Kf3 Nxa4 58. Bb7 Nc5 59. Bc6 Ne6 60. Be8 Ng5+ 61. Kf2 Kd4 62. Bc6 Nf7 63. Kf3 Ke5 64. Be8 Ng5+ 65. Kf2 Kd6 66. Ke2 Ke7 67. Bc6 Ke6 68. Kf2 Kd6 69. Be8 Kc5 70. Bd7 Kd4 71. Bc6 Kc4 72. Be8 Kb4 73. Bd7 Ka5 74. Be8 a6 75.
bxa6 Kxa6 76. Ke2 b5 77. Kd3 Ka5 78. Kd4 b4 79. Bd7 f3 80. Ke3 b3 81. Kd2 Kb4 82. Bf5 Kc4 83. Ke3 Kc3 84. Bg6 Kb2 85. Bf5 Ka1 0-1

[Event "*** MasterClass Titled Tuesday Blitz"]
[Site "Chess.com"]
[Date "2017.12.12"]
[Round "7"]
[White "champ1000"]
[Black "1random"]
[Result "1/2-1/2"]
[WhiteElo "2261"]
[BlackElo "2149"]
[TimeControl "180+2"]
[EndTime "14:42:16 PST"]
[Termination "Game drawn by repetition"]

1. e4 d5 2. exd5 Nf6 3. d4 Bg4 4. Ne2 Nxd5 5. h3 Bh5 6. g4 Bg6 7. Bg2 e6 8. a3 c6 9. c4 Nb6 10. b3 h5 11. g5 h4 12. Nbc3 Be7 13. f4 a5 14. c5 Nd5 15. Nxd5 cxd5 16. O-O Nc6 17. Be3 b6 18. Rc1 bxc5 19. dxc5 f6 20. Nd4 Qd7 21. f5 Nxd4 22. fxg6 Nf5 23. Rxf5 exf5 24. Bxd5 O-O-O 25. Bf3 Qxd1+ 26. Rxd1 Rxd1+ 27. Bxd1 fxg5 28. b4 axb4 29. axb4 Rd8 30. Bc2 f4 31. Bf2 Rd2 32. Bf5+ Kc7 33. b5 Re2 34. Bd4 Bxc5 35.
Kf1 Re8 36. Bxg7 Rg8 37. Be5+ Bd6 38. Bf6 Kb6 39. g7 Kxb5 40. Be6 Rxg7 41. Bxg7 Be7 42.
Kf2 Kc5 43. Be5 Kb4 44. Kf3 Kc5 45. Ke4 Bd8 46. Bg4 Kc6 47. Kf5 Kd5 48. Bg7 Kc4 49. Bf8 Kd3 50. Bf3 Ke3 51. Kg4 Bf6 52. Bc5+ Kd2 53.
Kf5 Bd8 54. Bd6 Ke3 55. Kg4 Bf6 56. Bf8 Bd8 57. Bc5+ Kd2 58. Bd4 Kd3 59. Be5 Ke3 60. Ba8 Be7 61. Bc7 Ke2 62. Bb6 Bf6 63. Bc5 Bd8 64.
Bd4 Be7 65. Bf3+ Kd3 66. Ba7 Bd8 67. Kf5 Be7 68. Bg4 Bd8 69. Ke6 Kd2 70. Kd7 Bf6 71. Kd6 Bd8 72. Kd5 Bf6 73. Ke4 Bd8 74. Kf5 Be7 75. Bb6 Kd3 76. Bf3 Kd2 77. Ke4 Bf6 78. Bc7 Be7 79. Be5 Bd8 80. Bd4 Be7 81. Kf5 Kd3 82. Bb6 Kd2 83. Bc7 Kd3 84. Bb6 Kd2 1/2-1/2

[Event "*** MasterClass Titled Tuesday Blitz"]
[Site "Chess.com"]
[Date "2017.12.12"]
[Round "7"]
[White "evgenysharapov"]
[Black "aa175"]
[Result "1-0"]
[WhiteElo "2326"]
[BlackElo "1902"]
[TimeControl "180+2"]
[EndTime "14:42:20 PST"]
[Termination "evgenysharapov won by checkmate"]

1. e4 e5 2. Nf3 Nc6 3. d4 exd4 4. c3 d5 5. exd5 Qxd5 6. cxd4 Bg4 7. Nc3 Bb4 8. Be2 Bxf3 9. Bxf3 Qc4 10. Bxc6+ bxc6 11. Qe2+ Qxe2+ 12. Kxe2 O-O-O 13. Be3 Ne7 14. Rac1 Rhe8 15.
a3 Bxc3 16. Rxc3 Nf5 17. Kd3 Kb7 18. Rhc1 Re6 19. Rb3+ Ka8 20. Rc5 Rd5 21. Rbc3 Ne7 22.
Rxd5 Nxd5 23. Rc2 Kb7 24. g3 f5 25. Bd2 h6 26. h4 Nf6 27. Rc5 g6 28. f3 Nh5 29. g4 Ng3 30. Bxh6 fxg4 31. fxg4 Ne4 32. Re5 Nf2+ 33. Ke2 Rxe5+ 34. dxe5 Nxg4 35. e6 Kc8 36. Bg7 Kd8 37. Kf3 Nh2+ 38. Kf4 Ke7 39. Be5 Kxe6 40. Bxc7 Nf1 41. Ba5 a6 42. Be1 Nh2 43. Kg3 Nf1+ 44. Kf2 Nh2 45. Kg3 Nf1+ 46. Kf4 Nh2 47. Bg3 Nf1 48.
Bf2 Nd2 49. Be3 Nc4 50. Bd4 Nd6 51. Kg5 Kf7 52. Kf4 Ke6 53. Bf2 Nf5 54. Ke4 Ne7 55. Kd4 Nf5+ 56. Kc5 Kd7 57. Kb6 Nd6 58. Kxa6 Ne4 59.
Be1 Nc5+ 60. Kb6 Nd3 61. Bc3 Nf4 62. a4 Nd5+ 63. Kc5 Nc7 64. a5 Na8 65. Be5 Ke6 66.
Bg3 Kd7 67. b4 Nc7 68. Bxc7 Kxc7 69. a6 Kb8 70. Kxc6 g5 71. hxg5 Ka8 72. g6 Ka7 73. b5 Ka8 74. g7 Ka7 75. Kc7 Ka8 76.
g8=Q+ Ka7 77. Qb8# 1-0

[Event "*** MasterClass Titled Tuesday Blitz"]
[Site "Chess.com"]
[Date "2017.12.12"]
[Round "7"]
[White "aspired"]
[Black "wonderfultime"]
[Result "1/2-1/2"]
[WhiteElo "2542"]
[BlackElo "2698"]
[TimeControl "180+2"]
[EndTime "14:42:30 PST"]
[Termination "Game drawn by agreement"]

1. e4 e6 2. d4 d5 3. exd5 exd5 4. Nf3 Bd6 5. Bd3 Ne7 6. O-O O-O 7. Re1 Bf5 8. Bg5 f6 9. Bh4 Nbc6 10. Bg3 Qd7 11. Bxd6 Qxd6 12. Bxf5 Nxf5 13. Qd3 g6 14. c3 Rfe8 15.
Nbd2 Ng7 16. g3 Nh5 17. Re2 f5 18. Rae1 Nf6 19. Rxe8+ Rxe8 20. Rxe8+ Nxe8 21. Qb5 Nf6 22. Qxb7 Ne4 23. Qc8+ Kg7 24. Qe8 Ne7 25. Nxe4 dxe4 26.
Ne5 Qe6 27. Qb8 Qxa2 28. Qxc7 Kf6 29. Nd7+ Kf7 30. Ne5+ Kf6 31. Qd6+ Qe6 32. Qc5 a6 33. Nc4 g5 34. Ne3 f4 35. Ng2 Ng6 36. d5 Qg4 37.
Qd6+ Kg7 38. h4 gxh4 39. Nxf4 hxg3 40. Ne6+ Kf7 41. Qxg3 Qd1+ 42. Kg2 Qxd5 43. Nf4 Qb7 44. Nxg6 hxg6 45. Qf4+ Ke6 46. Qe3 Kd5 47. Qd4+ Ke6 48. Qe3 Kf5 49. b4 Qc6 50. Qh3+ Ke5 51. Qg3+ Kd5 52.
Qe3 Kc4 53. Qd4+ Kb3 54. Qc5 Qd7 55. Qe5 Qd3 56. Kh2 Qxc3 57. Qxe4 Qxb4 58. Qxg6 a5 59.
Qb1+ Kc3 60. Qc1+ Kd3 61. Qe3+ Kc2 62. f4 a4 63. f5 a3 64. Qe2+ Kb3 65. Qd1+ Kb2 66.
Qe2+ Kc1 67. Qf1+ Kd2 68. f6 Qd6+ 69. Kg2 Qd5+ 70. Kh2 Qd6+ 71. Kg2 Qd5+ 72. Kh2 Qd6+ 73. Kg2 Qf8 74. f7 Ke3 75. Qf3+ Kd4 76. Qf4+ Kd5 77. Qf5+ Kd6 78. Qf6+ Kd7 79. Kh2 Qb8+ 80. Kg2 Qf8 81. Kh2 a2 82. Qf1 Qd6+ 83. Kg2 Qd5+ 84. Kh2 Qe5+ 85.
Kg2 Qg7+ 86. Kh2 Ke7 87. Qe2+ Kxf7 88. Qxa2+ 1/2-1/2